 Dungeon Crawl Stone Soup version 0.31-a0-187-gba352fbbf7 (webtiles) character file.

Game seed: 4217875505454111052

7603 qw the Markself (level 10, 0/61 HPs)
             Began as a Deep Elf Hunter on June 22, 2023.
             Was a Believer of Okawaru.
             Slain by a yak (3 damage)
             ... on level 1 of the Lair of Beasts.
             The game lasted 00:04:19 (9166 turns).

qw the Markself (Deep Elf Hunter)                   Turns: 9166, Time: 00:04:19

Health: 0/61       AC:  8    Str: 12    XL:     10   Next: 97%
Magic:  15/15      EV: 18    Int: 15    God:    Okawaru [**....]
Gold:   104        SH:  0    Dex: 18    Spells: 9/9 levels left

rFire   . . .        Y - +1 orcbow (drain)
rCold   . . .        (shield currently unavailable)
rNeg    . . .        g - +0 ring mail
rPois   +            m - +0 helmet
rElec   .            l - +0 cloak
rCorr   .            (no gloves)
SInv    .            b - +0 pair of boots
Will    ++...        k - amulet of the acrobat
Stlth   +++          j - ring of poison resistance
HPRegen 0.30/turn    d - ring of willpower
MPRegen 0.14/turn

%: acrobat
@: about to teleport, heroic
A: deformed body
a: Renounce Religion, Heroism


You were on level 1 of the Lair of Beasts.
You worshipped Okawaru.
Okawaru was pleased with you.
You visited 3 branches of the dungeon, and saw 11 of its levels.
You also visited: Sewer.

You collected 433 gold pieces.
You spent 329 gold pieces at shops.


Innate Abilities, Weirdness & Mutations

Armour fits poorly on your strangely shaped body.


   Skills:
 + Level 6.3(11.3) Fighting
 - Level 16.0(21.0) Ranged Weapons
 - Level 3.8(8.8) Armour
 - Level 9.0(14.0) Dodging
 - Level 1.2(6.2) Stealth
 - Level 4.1 Invocations


You had 9 spell levels left.
You didn't know any spells.
Your spell library was empty.

Inventory:

Hand Weapons
 u - a +0 arbalest
 Y - a +1 orcbow of draining (weapon)
Armour
 b - a +0 pair of boots (worn)
 g - a +0 ring mail (worn)
 l - a +0 cloak (worn)
 m - a +0 helmet (worn)
 o - a +2 robe of fire resistance
Jewellery
 c - a ring of fire
 d - a ring of willpower (right hand)
 j - a ring of poison resistance (left hand)
 k - an amulet of the acrobat (around neck)
Scrolls
 a - a scroll of identify
 n - 3 scrolls of teleportation
Potions
 e - 2 potions of might
 f - 5 potions of enlightenment
 h - 2 potions of cancellation
 i - a potion of resistance
 p - a potion of haste
 q - a potion of mutation
 r - a potion of magic
 s - a potion of experience {unknown}

Dungeon Overview and Level Annotations

Branches:
Dungeon (9/15)             Temple (1/1) D:6            Lair (1/5) D:9
  Sewer (visited)
    Orc: D:9-12

Altars:
Ashenzari
Cheibriados
Dithmenos
Elyvilon
Fedhas
Gozag
Hepliaklqana
Kikubaaqudgha
Makhleb
Nemelex Xobeh
Okawaru
Qazlal
Ru
Sif Muna
Trog
Uskayaw
Vehumet
Wu Jian
Xom
Yredelemnul
Zin
The Shining One

Shops:
D:4 (   D:9 *(

Annotations:
Lair:1 Amaemon


Message History

The blink frog barely misses you. The yak barely misses you.
The yak gores you but does no damage. The blink frog misses you.
You shoot an arrow. The arrow hits the blink frog!
You drain the blink frog.
The blink frog is almost dead.
The blink frog misses you.
You shoot an arrow. The arrow hits the blink frog!!
You kill the blink frog!
Okawaru accepts your kill. The yak completely misses you. The yak gores you!
Amaemon the Diabolical Poisoner comes into view.
He is wielding a -2 demon whip of venom.
You shoot an arrow.
Amaemon shouts!
The arrow hits the blink frog!
The blink frog is heavily wounded.
The yak closely misses you. The yak misses you. The blink frog misses you.
You shoot an arrow.
The arrow closely misses the blink frog.
The blink frog blinks!
The yak closely misses you. The yak barely misses you.
The blink frog barely misses you.
You shoot an arrow.
The arrow closely misses the blink frog.
The blink frog blinks!
The yak closely misses you. The yak gores you but does no damage.
You shoot an arrow. The arrow hits the bullfrog!!
The bullfrog is severely wounded.
The bullfrog misses you.
You shoot an arrow. The arrow closely misses the bullfrog.
The yak misses you. The yak gores you. The bullfrog misses you.
You shoot an arrow. The arrow hits the bullfrog.
You kill the bullfrog!
Okawaru accepts your kill.
The blink frog blinks!
The yak gores you but does no damage. The yak misses you.
You shoot an arrow. The arrow barely misses the yak.
The yak completely misses you. The yak gores you. The yak misses you.
9166 ||| READING 4 scrolls of teleportation.
As you read the scroll of teleportation, it crumbles to dust.
You feel strangely unstable.
The blink frog blinks!
The yak gores you! The yak closely misses you. The yak gores you.
You die...

..........
........................
...........F............
.....................#..
........#.#..P#..##..#..
..........#..##..#....#7
##.###6F................
#~~~###YY.¤..P#..##.....
¤~~~###@Y##.......#./...
#¤~~~##..###.[.###......
#~##P.#..# #...####..###
.........###.....##...#
........................
........................
........................
........................
........................


You could see Amaemon, 3 yaks and 2 blink frogs.

Vanquished Creatures
  2 two-headed ogres
  2 death yaks (D:9)
  A blink frog (Lair:1)
  Sigmund (D:5)
  3 yaks (Lair:1)
  2 steam dragons
  Edmund (D:5)
  5 water moccasins
  4 orc warriors (D:9)
  3 black bears
  2 ogres
  6 centaurs
  3 phantoms
  2 kobold brigands
  3 bullfrogs
  4 scorpions
  3 wights (D:9)
  8 howler monkeys
  3 vampire bats
  2 hounds (D:5)
  4 jellies
  3 orc priests
  A gnoll bouda (D:7)
  A sleepcap (D:7)
  4 iguanas
  A hell rat (D:9)
  7 orc wizards
  4 gnolls (D:7)
  11 adders
  2 river rats
  2 white imps (D:5)
  An ufetubus (D:5)
  A worm (D:2)
  A dart slug (D:2)
  3 fire bats (D:3)
  33 orcs
  2 spectral bats (D:3)
  8 bat skeletons
  2 bat zombies
  13 endoplasms
  8 giant cockroaches
  7 goblins
  7 hobgoblins
  3 jackals (D:2)
  7 kobolds
  15 quokkas
  12 ball pythons
  25 bats
  A bat simulacrum (D:3)
  6 frilled lizards
  10 rats
265 creatures vanquished.

Notes
Turn   | Place    | Note
-------+----------+-------------------------------------------
     0 | D:1      | qw the Deep Elf Hunter began the quest for the Orb.
     0 | D:1      | Reached XP level 1. HP: 12/12 MP: 3/3
     0 | D:1      | 0 ||| qw: Version: 0.3-a-9-g12657ce
     0 | D:1      | 0 ||| qw: Game counter: 2482
     0 | D:1      | 0 ||| qw: Always use a shield: true
     0 | D:1      | 0 ||| qw: God list: Okawaru
     0 | D:1      | 0 ||| qw: Allow faded altars: false
     0 | D:1      | 0 ||| qw: Do Orc after D:15 true
     0 | D:1      | 0 ||| qw: Do second Lair branch before Depths: true
     0 | D:1      | 0 ||| qw: Lair rune preference: random
     0 | D:1      | 0 ||| qw: Plans: Normal
     0 | D:1      | 0 ||| PLANNING D:1-11
   146 | D:1      | Reached skill level 6 in Ranged Weapons
   146 | D:1      | Reached XP level 2. HP: 16/16 MP: 4/4
   159 | D:1      | HP: 4/16 [bat (1)]
   482 | D:1      | Reached XP level 3. HP: 20/20 MP: 5/5
   698 | D:1      | 698 ||| UPGRADING to +0 ring mail.
   708 | D:1      | 708 ||| DROPPING +0 leather armour.
   709 | D:1      | 709 ||| DROPPING ring of wizardry.
   710 | D:1      | 710 ||| READING scroll labelled XEBYEB QISOA.
   748 | D:1      | 748 ||| READING scroll labelled EXTULURYSS.
   749 | D:1      | 749 ||| READING scroll labelled MOINWO AXZIEK.
   753 | D:1      | 753 ||| DROPPING scroll of butterflies.
   769 | D:2      | Found a faded altar of an unknown god.
   961 | D:2      | Reached skill level 7 in Ranged Weapons
  1042 | D:2      | Reached XP level 4. HP: 21/25 MP: 6/6
  1561 | D:2      | 1561 ||| UPGRADING to +0 pair of boots.
  1566 | D:2      | 1566 ||| READING scroll labelled IHOXZEZ SOCIONG.
  1567 | D:2      | 1567 ||| DRINKING 3 amethyst potions.
  1568 | D:2      | 1568 ||| DRINKING 4 smoky sapphire potions.
  1640 | D:3      | Reached skill level 8 in Ranged Weapons
  1665 | D:3      | Reached XP level 5. HP: 29/29 MP: 7/7
  1746 | D:3      | Reached skill level 9 in Ranged Weapons
  1868 | D:3      | Identified the +6 long sword "Doicoh" {vamp, Stlth+}
  2038 | D:3      | 2038 ||| UPGRADING to +0 helmet.
  2043 | D:3      | 2043 ||| UPGRADING to ring of poison resistance.
  2044 | D:3      | 2044 ||| READING 2 scrolls labelled ORIRGHO MYNKE.
  2045 | D:3      | 2045 ||| READING scroll labelled MIALYM ENEO.
  2046 | D:3      | 2046 ||| READING scroll labelled LYNKAEW TENUPS.
  2047 | D:3      | 2047 ||| DRINKING 2 sedimented sapphire potions.
  2048 | D:3      | 2048 ||| DROPPING scroll of immolation.
  2152 | D:4      | 2152 ||| Stepping ~*~*~tactically~*~*~ (water).
  2206 | D:4      | Found a blossoming altar of Fedhas.
  2242 | D:4      | HP: 5/30 [iguana (8)]
  2243 | D:4      | 2243 ||| READING scroll of teleportation.
  2244 | D:4      | 2244 ||| DRINKING 3 potions of heal wounds.
  2359 | D:4      | Reached XP level 6. HP: 32/35 MP: 8/8
  2414 | D:4      | Found Xegararph's Weapon Boutique.
  2506 | D:4      | Found a bloodstained altar of Trog.
  2518 | D:4      | Reached skill level 1 in Armour
  2631 | D:4      | Found a sparkling altar of Nemelex Xobeh.
  2682 | D:4      | Found a stormy altar of Qazlal.
  2682 | D:4      | Found a sacrificial altar of Ru.
  2939 | D:4      | 2939 ||| READING scroll labelled UCLISA TOURPHIKILAXT.
  2940 | D:4      | 2940 ||| READING scroll labelled RIBBOPPEFEB.
  2940 | D:4      | Identified a scroll of acquirement
  2940 | D:4      | 2940 ||| ACQUIRING ring of willpower
  2940 | D:4      | Acquired a ring of willpower
  2942 | D:4      | 2942 ||| UPGRADING to ring of willpower.
  2943 | D:4      | 2943 ||| READING scroll labelled MOCASI YMOCS.
  2944 | D:4      | 2944 ||| READING 2 scrolls of identify.
  2944 | D:4      | 2944 ||| IDENTIFYING black potion
  2979 | D:5      | Entered Level 5 of the Dungeon
  3039 | D:5      | Reached skill level 10 in Ranged Weapons
  3044 | D:5      | Reached skill level 3 in Dodging
  3156 | D:5      | Reached XP level 7. HP: 40/40 MP: 9/9
  3245 | D:5      | Reached skill level 11 in Ranged Weapons
  3628 | D:5      | HP: 10/40 [poisoned by a scorpion]
  3815 | D:5      | Reached skill level 12 in Ranged Weapons
  3880 | D:5      | Reached skill level 3 in Fighting
  3880 | D:5      | Reached XP level 8. HP: 46/46 MP: 10/10
  4147 | D:5      | Noticed Edmund
  4155 | D:5      | Killed Edmund
  4188 | D:5      | Noticed Sigmund
  4203 | D:5      | 4203 ||| READING scroll labelled JADIHE YKOEB.
  4206 | D:5      | 4206 ||| FLEEEEING.
  4207 | D:5      | 4207 ||| FLEEEEING.
  4208 | D:5      | 4208 ||| FLEEEEING.
  4209 | D:5      | 4209 ||| FLEEEEING.
  4210 | D:5      | 4210 ||| FLEEEEING.
  4211 | D:5      | Killed Sigmund
  4356 | D:5      | 4356 ||| READING 2 scrolls labelled QEOXAP VENT.
  4357 | D:5      | 4357 ||| DRINKING 2 blue potions.
  4358 | D:5      | 4358 ||| DROPPING potion of degeneration.
  4359 | D:5      | 4359 ||| DROPPING scroll of blinking.
  4365 | D:6      | 4365 ||| PLANNING SEWER
  4491 | D:6      | Found a glowing drain.
  4492 | D:6      | 4492 ||| READING 2 scrolls of identify.
  4492 | D:6      | 4492 ||| IDENTIFYING fizzy ruby potion
  4501 | Sewer    | Entered a sewer
  4518 | Sewer    | Reached skill level 13 in Ranged Weapons
  4575 | Sewer    | 4575 ||| Stepping ~*~*~tactically~*~*~ (water).
  4615 | Sewer    | 4615 ||| Stepping ~*~*~tactically~*~*~ (water).
  4647 | Sewer    | 4647 ||| Stepping ~*~*~tactically~*~*~ (water).
  4689 | Sewer    | Found a viscous altar of Jiyva.
  4778 | Sewer    | 4778 ||| DRINKING 2 bubbling grey potions.
  4779 | Sewer    | 4779 ||| DRINKING 2 silvery potions.
  4779 | Sewer    | Gained mutation: Armour fits poorly on your strangely
                  | shaped body. [potion of mutation]
  4800 | D:6      | 4800 ||| PLANNING D:1-11
  4806 | D:6      | 4806 ||| FLEEEEING.
  4818 | D:6      | HP: 6/42 [centaur/arrow (10)]
  4819 | D:6      | 4819 ||| READING scroll of teleportation.
  4820 | D:6      | 4820 ||| DRINKING 2 potions of heal wounds.
  4960 | D:6      | Reached skill level 14 in Ranged Weapons
  5138 | D:6      | 5138 ||| SWAPPING to +1 orcbow of draining.
  5139 | D:6      | 5139 ||| DROPPING +0 shortbow.
  5179 | D:6      | 5179 ||| FLEEEEING.
  5197 | D:6      | Found a staircase to the Ecumenical Temple.
  5198 | D:6      | 5198 ||| PLANNING TEMPLE
  5198 | D:6      | 5198 ||| READING 2 scrolls of identify.
  5198 | D:6      | 5198 ||| IDENTIFYING fizzy clear potion
  5199 | D:6      | 5199 ||| DROPPING potion of berserk rage.
  5209 | Temple   | Entered the Ecumenical Temple
  5251 | Temple   | 5251 ||| PLANNING OKAWARU WORSHIP
  5364 | Temple   | Became a worshipper of Warmaster Okawaru
  5365 | Temple   | 5365 ||| PLANNING D:1-11
  5457 | D:6      | 5457 ||| FLEEEEING.
  5458 | D:6      | 5458 ||| FLEEEEING.
  5459 | D:6      | 5459 ||| FLEEEEING.
  5460 | D:6      | 5460 ||| FLEEEEING.
  5461 | D:6      | 5461 ||| FLEEEEING.
  5464 | D:6      | 5464 ||| FLEEEEING.
  5465 | D:6      | 5465 ||| FLEEEEING.
  5888 | D:7      | Reached XP level 9. HP: 50/50 MP: 11/11
  5939 | D:7      | Found a white marble altar of Elyvilon.
  6415 | D:7      | Reached skill level 15 in Ranged Weapons
  6496 | D:7      | Reached * piety under Okawaru
  6497 | D:7      | 6497 ||| INVOKING Heroism.
  6684 | D:7      | 6684 ||| Stepping ~*~*~tactically~*~*~ (outnumbered).
  6686 | D:7      | 6686 ||| Stepping ~*~*~tactically~*~*~ (outnumbered).
  6830 | D:7      | 6830 ||| INVOKING Heroism.
  7025 | D:7      | 7025 ||| READING scroll labelled JILYAL WOCAXZU.
  7026 | D:7      | 7026 ||| READING 2 scrolls of identify.
  7026 | D:7      | 7026 ||| IDENTIFYING emerald potion
  7027 | D:7      | 7027 ||| DROPPING potion of ambrosia.
  7098 | D:8      | Found a glowing golden altar of the Shining One.
  7129 | D:8      | 7129 ||| INVOKING Heroism.
  7364 | D:8      | 7364 ||| INVOKING Heroism.
  7368 | D:8      | 7368 ||| Stepping ~*~*~tactically~*~*~ (cloud).
  7545 | D:8      | Reached skill level 1 in Invocations
  7557 | D:8      | 7557 ||| Stepping ~*~*~tactically~*~*~ (outnumbered).
  7565 | D:8      | Reached skill level 16 in Ranged Weapons
  7566 | D:8      | 7566 ||| FLEEEEING.
  7567 | D:8      | 7567 ||| FLEEEEING.
  7568 | D:8      | 7568 ||| FLEEEEING.
  7569 | D:8      | 7569 ||| FLEEEEING.
  7570 | D:8      | 7570 ||| FLEEEEING.
  7571 | D:8      | 7571 ||| FLEEEEING.
  7572 | D:8      | 7572 ||| FLEEEEING.
  7573 | D:8      | 7573 ||| FLEEEEING.
  7574 | D:8      | 7574 ||| FLEEEEING.
  7575 | D:8      | 7575 ||| FLEEEEING.
  7576 | D:8      | 7576 ||| FLEEEEING.
  7577 | D:8      | 7577 ||| FLEEEEING.
  7578 | D:8      | 7578 ||| FLEEEEING.
  7579 | D:8      | 7579 ||| FLEEEEING.
  7580 | D:8      | 7580 ||| FLEEEEING.
  7581 | D:8      | 7581 ||| FLEEEEING.
  7582 | D:8      | 7582 ||| FLEEEEING.
  7583 | D:8      | 7583 ||| FLEEEEING.
  7584 | D:8      | 7584 ||| FLEEEEING.
  7585 | D:8      | 7585 ||| FLEEEEING.
  7738 | D:8      | 7738 ||| INVOKING Heroism.
  7805 | D:8      | Found an ancient bone altar of Kikubaaqudgha.
  7988 | D:8      | 7988 ||| UPGRADING to +0 cloak.
  7995 | D:9      | 7995 ||| INVOKING Heroism.
  7999 | D:9      | Noticed a two-headed ogre
  8006 | D:9      | Reached skill level 3 in Invocations
  8013 | D:9      | 8013 ||| STAIRDANCE
  8015 | D:8      | 8015 ||| INVOKING Heroism.
  8016 | D:8      | Killed a two-headed ogre
  8017 | D:8      | Reached skill level 6 in Dodging
  8017 | D:8      | Reached XP level 10. HP: 41/56 MP: 10/15
  8102 | D:9      | Noticed a two-headed ogre
  8103 | D:9      | 8103 ||| FLEEEEING.
  8105 | D:9      | 8105 ||| FLEEEEING.
  8106 | D:9      | 8106 ||| INVOKING Heroism.
  8111 | D:9      | Killed a two-headed ogre
  8138 | D:9      | Found a staircase to the Lair.
  8138 | D:9      | Noticed a death yak
  8139 | D:9      | 8139 ||| INVOKING Heroism.
  8145 | D:9      | Noticed a death yak
  8145 | D:9      | Noticed a death yak
  8148 | D:9      | Killed a death yak
  8148 | D:9      | Reached ** piety under Okawaru
  8162 | D:9      | 8162 ||| INVOKING Heroism.
  8165 | D:9      | Killed a death yak
  8166 | D:9      | Reached skill level 3 in Armour
  8170 | D:9      | HP: 10/59 [death yak (13)]
  8171 | D:9      | 8171 ||| READING scroll of teleportation.
  8172 | D:9      | 8172 ||| DRINKING potion of heal wounds.
  8242 | D:9      | 8242 ||| INVOKING Heroism.
  8261 | D:9      | 8261 ||| INVOKING Heroism.
  8374 | D:9      | Found Fanuf's Assorted Antiques.
  8383 | D:9      | 8383 ||| BUYING embroidered robe (125 gold).
  8383 | D:9      | Bought an embroidered robe for 125 gold pieces
  8383 | D:9      | 8383 ||| BUYING gold wand (136 gold).
  8383 | D:9      | Bought a gold wand for 136 gold pieces
  8383 | D:9      | 8383 ||| SHOPLISTING potion of cancellation (272 gold, have
                  | 102).
  8383 | D:9      | 8383 ||| BUYING scroll of identify (68 gold).
  8383 | D:9      | Bought a scroll of identify for 68 gold pieces
  8383 | D:9      | 8383 ||| SHOPLISTING scroll of identify (68 gold, have 34).
  8383 | D:9      | 8383 ||| SHOPLISTING shiny emerald ring (170 gold, have
                  | 34).
  8426 | D:9      | 8426 ||| INVOKING Heroism.
  8454 | D:9      | 8454 ||| FLEEEEING.
  8455 | D:9      | 8455 ||| FLEEEEING.
  8456 | D:9      | 8456 ||| FLEEEEING.
  8457 | D:9      | 8457 ||| FLEEEEING.
  8458 | D:9      | 8458 ||| FLEEEEING.
  8459 | D:9      | 8459 ||| FLEEEEING.
  8465 | D:9      | 8465 ||| FLEEEEING.
  8470 | D:9      | 8470 ||| FLEEEEING.
  8471 | D:9      | 8471 ||| FLEEEEING.
  8472 | D:9      | 8472 ||| FLEEEEING.
  8473 | D:9      | 8473 ||| FLEEEEING.
  8474 | D:9      | 8474 ||| FLEEEEING.
  8475 | D:9      | 8475 ||| FLEEEEING.
  8476 | D:9      | 8476 ||| FLEEEEING.
  8477 | D:9      | 8477 ||| FLEEEEING.
  8481 | D:9      | 8481 ||| STAIRDANCE
  8498 | D:8      | 8498 ||| UPGRADING to amulet of the acrobat.
  8503 | D:8      | 8503 ||| READING 2 scrolls of identify.
  8503 | D:8      | 8503 ||| IDENTIFYING orange potion
  8504 | D:8      | 8504 ||| DROPPING wand of flame (8).
  8551 | D:9      | Found Wuthox's Hydra Hut.
  8560 | D:9      | Noticed a seven-headed hydra
  8564 | D:9      | 8564 ||| SHOPLISTING +1 arbalest of freezing (181 gold,
                  | have 46).
  8564 | D:9      | 8564 ||| SHOPLISTING +2 orcbow of freezing (219 gold, have
                  | 46).
  8767 | D:9      | Reached skill level 6 in Fighting
  8846 | D:9      | 8846 ||| INVOKING Heroism.
  9014 | D:9      | 9014 ||| PLANNING LAIR
  9014 | D:9      | 9014 ||| READING scroll labelled WITRID VUHYANN.
  9022 | Lair:1   | Entered Level 1 of the Lair of Beasts
  9143 | Lair:1   | 9143 ||| INVOKING Heroism.
  9150 | Lair:1   | Reached skill level 9 in Dodging
  9158 | Lair:1   | Noticed Amaemon
  9165 | Lair:1   | HP: 12/61 [yak (5)]
  9166 | Lair:1   | 9166 ||| READING 4 scrolls of teleportation.
  9166 | Lair:1   | HP: 3/61 [yak (9)]
  9166 | Lair:1   | Slain by a yak

Levels and vault maps discovered:
D:1:      psy_arrival_radial02, layout_rooms
D:2:      layout_basic, shapermc_ecumenical_altar_gd
D:3:      layout_rooms, goddamned_bats
D:4:      layout_loops_ring, bloody_trog, mainiacjoe_overflow_24_doors,
          gammafunk_temple_overflow_wave, fedhas_altar_2, serial_shops,
          kennysheep_mini, serial_bayou_lake_a
D:5:      layout_gridville, sigmund_edmund_badplayer
D:6:      layout_layer_cave, minmay_temple_entry_junction_2,
          portal_sewer_entry_f
D:7:      layout_loops_corners, mainiacjoe_overflow_brackets,
          hangedman_decor_clover_reticule
D:8:      layout_loops_ring, mainiacjoe_overflow_catwalk,
          kennysheep_vampire_church
D:9:      layout_loops_cross, dpeg_lair_monsters, serial_shops, shop,
          roderic_batcave, nrook_mini_vaults, doesnt_shop_hydraphobe
Temple:   nicolae_temple_bog_church
Lair:1:   layout_gridlike, nicolae_volcano_entry_vermiform,
          grunt_forest_small_clearing_treed, uniq_amaemon

Skill      XL: |  1  2  3  4  5  6  7  8  9 10 |
---------------+-------------------------------+-----
Ranged Weapons | 6 7 8 9 10 12 14 16 | 16.0
Fighting       | 2 3 4 6 |  6.3
Armour         | 1 2 3 |  3.8
Dodging        | 3 4 6 9 |  9.0
Invocations    | 4 |  4.1
Stealth        | |  1.2

Action                     |  1- 3 |  4- 6 |  7- 9 | 10-12 || total
---------------------------+-------+-------+-------+-------++-------
   Fire: Shortbow          |   138 |   181 |   274 |       ||   593
         Orcbow            |       |       |   230 |   177 ||   407
 Invoke: Heroism           |       |       |     7 |     8 ||    15
    Use: Scroll            |     3 |     9 |     7 |     4 ||    23
         Potion            |       |     4 |     4 |     1 ||     9
 Armour: Leather armour    |    16 |       |       |       ||    16
         Ring mail         |    14 |    61 |    84 |    26 ||   185
  Dodge: Dodged            |    73 |    86 |   140 |   115 ||   414

Table legend:
 A = Non-vault XP
 B = Vault XP
 C = Vault XP percentage of total XP
 D = Non-vault monster count
 E = Vault monster count
 F = Vault count percentage of total count
                 A         B        C        D         E       F
            +---------+---------+-------+---------+---------+-------
      Total |    8315 |    2547 |  23.4 |     188 |      77 |  29.1
            +---------+---------+-------+---------+---------+-------
        D:1 |      47 |       0 |   0.0 |      27 |       0 |   0.0
        D:2 |      98 |       0 |   0.0 |      25 |       0 |   0.0
        D:3 |      13 |     173 |  93.0 |       9 |      20 |  69.0
        D:4 |     107 |       0 |   0.0 |      10 |       0 |   0.0
        D:5 |    1067 |     390 |  26.8 |      24 |       2 |   7.7
        D:6 |     691 |      10 |   1.4 |      14 |       5 |  26.3
        D:7 |    1094 |       0 |   0.0 |      26 |       0 |   0.0
        D:8 |    1656 |      67 |   3.9 |      17 |       7 |  29.2
        D:9 |    2356 |    1735 |  42.4 |      29 |      16 |  35.6
     Lair:1 |    1186 |       0 |   0.0 |       7 |       0 |   0.0
      Sewer |       0 |     172 | 100.0 |       0 |      27 | 100.0
            +---------+---------+-------+---------+---------+-------
